woodfighter, chaotic female orcish Cavewoman ---- ------ ..| |....| -.| +....| |.|# ###|....| | |.[###########...<.| |. |.|# ### ----.- -+--.... -----+---+--.| | --+---+--..................C@.| |.............{......{..........| | -+---+--- --+---...........| | -----|---.| |....|.| |..(.|.| |....|.| ------.| .+ --- woodfighter the Young Cave Woman Experience level: 6 Strength: 18/02 Dexterity: 13 Constitution: 18 Intelligence: 8 Wisdom: 8 Charisma: 8 Health: 0(56) Energy: 16(16) Def: 2 Gold: 0 Moves: 3114 Dungeon seed: GZugYPdJbuZoYB8m Game ID: woodfighter_1475506473 Your Inventory: Weapons a - a +1 club (weapon in hand) b - a +2 sling (alternate weapon; not wielded) t - 6 +0 dwarvish spears Armor q - an uncursed +0 leather armor (being worn) Comestibles k - an uncursed food ration E - an uncursed lembas wafer Wands r - a wand of enlightenment (0:11) w - a wand of enlightenment (0:14) C - a wand of enlightenment (0:13) H - a wand of magic missile (0:3) Tools l - an uncursed wax candle (0:400) y - an uncursed skeleton key F - a +0 pick-axe Z - 2 uncursed tallow candles (0:200) Spells and supernatural/magical abilities: Name Level Category Fail Memory W - pray for help -- divine ? -- Your skills at the end: Miscellaneous Skills bare handed combat [Basic] Weapon Skills scimitar [Basic] club [Basic] sling [Basic] Spellcasting Skills Final Attributes: You were piously aligned. You were poison resistant. Your writing hand was ok. You had infravision. You were very stealthy. You are dead. Vanquished creatures: a leprechaun a gnome king a blue jelly a rock piercer a fog cloud 3 gnome lords a straw golem 2 giant ants a floating eye a kitten 7 dwarves 3 iguanas 3 jitterbugs 2 orc zombies 2 hobbits a gecko a hobgoblin a giant rat a brown mold a yellow mold 15 gnomes 5 garter snakes 2 gnome zombies 3 jackals 2 kobolds 6 newts 3 sewer rats 5 grid bugs 5 lichens a kobold zombie 82 creatures vanquished. Voluntary challenges: You did not adorn yourself with jewelry or accessories. You did not cause conflict. You were not invisible. You did not have reflection. You were not displaced. You used a wielded weapon 117 times, starting on turn 121. You did not apply a unicorn horn. You did not use plumbed fixtures. You did not drink any magical draughts. You read items or engraved 3 times, starting on turn 551. You never genocided any monsters. You never polymorphed an object. You never changed form. You used no wishes. You never split a pudding. You never wrote Elbereth's name. You never violated your personal moral code. Dungeon overview: The Dungeons of Doom: levels 1 to 5 Level 1 an altar to Anshar, a fountain a long staircase Level 2 (vault + water) a potion shop, a fountain Level 3 (water) a fountain Level 4 some fountains stairs to The Gnomish Mines Level 5 (locked) a fountain The Gnomish Mines: levels 5 to 7 Level 5 (leprechaun) stairs to The Dungeons of Doom Level 6 Level 7 <- You were here a magic chest, some fountains History has recorded: On T:1 you entered the Dungeons of Doom to retrieve the Amulet of Yendor! On T:159 you reached level 2 of The Dungeons of Doom. On T:441 you advanced to experience level 2. On T:842 you advanced to experience level 3. On T:909 you reached level 3 of The Dungeons of Doom. On T:1150 you reached level 4 of The Dungeons of Doom. On T:1259 you advanced to experience level 4. On T:1640 you reached level 1 of The Gnomish Mines. On T:1696 you reached level 5 of The Dungeons of Doom. On T:1933 you advanced to experience level 5. On T:1977 you reached level 2 of The Gnomish Mines. On T:2672 you advanced to experience level 6. On T:2954 you reached level 3 of The Gnomish Mines. On T:3094 you opened a magic chest. Score breakdown: Gold: 0 ( 0 points) Experience: 6 levels ( 500 points) Exploration: 7 levels ( 180 points) Discoveries: 10 items ( 500 points) Variety of kills: 30 monsters ( 1500 points) Major goal: (nothing yet) ( 0 points) Survival: died (score multiplied by 3) Total score: 8040 Latest messages: The plains centaur punches you! The plains centaur kicks! You drop a hooded cloak. You drop a hard hat. You cannot drop something you are wearing. You drop a pair of hard shoes. You drop a hooded cloak. You drop a dwarvish mithril-coat. You drop a hard hat. You drop an orcish helm. You drop a pair of hard shoes. (2x) You drop a hooded cloak. You drop a hard hat. You drop a pair of hard shoes. You drop a hard hat. You drop a pair of hard shoes. (2x) You drop a hooded cloak. You drop a hard hat. You drop a hooded cloak. (3x) Your movements are now unencumbered. The plains centaur punches you! The plains centaur kicks! The plains centaur punches you! The plains centaur kicks! You die... Final status: Goodbye woodfighter the Cavewoman, killed by a plains centaur... You died in The Gnomish Mines on dungeon level 7 with 8040 points, and 0 pieces of gold, after 3114 moves. You were level 6 with a maximum of 56 hit points when you died.